 Dungeon Crawl Stone Soup version 0.28-a0-1555-g9ae15a6949 (webtiles) character file.

Game seed: 7589218750031878907

30 croobank the Shield-Bearer (level 3, 0/30 HPs)
             Began as a Formicid Fighter on Jan 18, 2022.
             Succumbed to an adder's poison
             ... on level 4 of the Dungeon.
             The game lasted 00:03:09 (1111 turns).

croobank the Shield-Bearer (Formicid Fighter)       Turns: 1111, Time: 00:03:10

Health: 0/30       AC:  8    Str: 20    XL:     3   Next: 35%
Magic:  3/3        EV:  9    Int:  9    God:
Gold:   63         SH:  4    Dex: 10    Spells: 2/2 levels left

rFire   . . .      SeeInvis +   a - +0 war axe
rCold   . . .      Faith    .   c - +0 buckler
rNeg    . . .      Spirit   .   b - +0 scale mail
rPois   .          Reflect  .   (helmet unavailable)
rElec   +          Harm     .   g - +0 cloak
rCorr   .          Rampage  .   (no gloves)
Will    .....                   (no boots)
Stlth   ..........              (no amulet)
HPRegen 0.10/turn               (no ring)
MPRegen 0.08/turn               (no ring)

@: lethally poisoned (0 -> -1)
A: permanent stasis, dig shafts and tunnels, antennae 3, four strong arms,
electricity resistance
a: Dig, Shaft Self


You were on level 4 of the Dungeon.
You visited 1 branch of the dungeon, and saw 3 of its levels.

You collected 63 gold pieces.

Inventory:

Hand Weapons
 a - a +0 war axe (weapon)
 h - a +1 dagger of holy wrath
 j - a +0 falchion of holy wrath
Missiles
 f - 22 sling bullets
 k - 3 poisoned darts
 l - 42 bolts
Armour
 b - a +0 scale mail (worn)
 c - a +0 buckler (worn)
 g - a +0 cloak (worn)
Potions
 d - 2 potions of might


   Skills:
 + Level 3.6 Fighting
 + Level 2.4 Axes
 + Level 3.6 Armour
 + Level 4.0 Shields


You had 2 spell levels left.
You didn't know any spells.
Your spell library contained the following spells:

 Spells                   Type           Power      Damage    Failure   Level
 Gell's Gravitas          Tloc           0%         N/A       99%         3
 Teleport Other           Tloc           0%         N/A       99%         3
 Dispersal                Tloc           0%         N/A       100%        6


Dungeon Overview and Level Annotations

Branches:
Dungeon (2/15)

Altars:


Innate Abilities, Weirdness & Mutations

You cannot be hasted, slowed, berserked, paralysed or teleported.
You can dig through walls and to a lower floor.
You have a pair of large antennae on your head. (SInv)
Your four strong arms can wield two-handed weapons with a shield.
You are resistant to electric shocks. (rElec)


Message History

You hit the adder.
The adder is moderately wounded.
You feel very sick. You block the adder's attack. The adder bites you.
You are lethally poisoned!
The adder poisons you!
You hit the adder.
The adder is severely wounded.
You feel very sick. The adder completely misses you.
The adder barely misses you.
You slash the adder!
You kill the adder!
* * * LOW HITPOINT WARNING * * *
You feel very sick.
Your Shields skill increases to level 4!
* * * LOW HITPOINT WARNING * * *
You feel sick.
There is a lethal amount of poison in your body!
It was a potion of mutation.
You feel extremely strange.
You feel insulated.
* * * LOW HITPOINT WARNING * * *
You feel sick.
As you read the scroll labelled ISEMESTAIQA, it crumbles to dust.
The scroll dissolves into smoke.
It was a scroll of fog.
* * * LOW HITPOINT WARNING * * *
You feel sick.
As you read the scroll labelled VOPSOIDITOMU, it crumbles to dust.
You feel a strange sense of stasis.
It was a scroll of teleportation.
* * * LOW HITPOINT WARNING * * *
You feel sick.
Are you sure you want to shaft yourself?
* * * LOW HITPOINT WARNING * * *
You feel sick.
You begin to dig a shaft.
You continue digging a shaft.
* * * LOW HITPOINT WARNING * * *
You feel sick. A shaft appears beneath you!
You fall into a shaft and drop 2 floors!
The shaft crumbles and collapses.
You die...

#
#.###
#..@#
#.#.#
# #.#
#.#
#.#
#..
...
.#.


There were no monsters in sight!

Vanquished Creatures
  An adder (D:2)
  A bat (D:1)
  2 endoplasms (D:1)
  A giant cockroach (D:1)
  3 goblins (D:1)
  3 hobgoblins (D:1)
  2 quokkas (D:1)
  2 ball pythons (D:1)
  2 frilled lizards (D:1)
  A kobold (D:1)
  2 rats (D:1)
20 creatures vanquished.

Notes
Turn   | Place    | Note
-------+----------+-------------------------------------------
     0 | D:1      | croobank the Formicid Fighter began the quest for the Orb.
     0 | D:1      | Reached XP level 1. HP: 18/18 MP: 1/1
    10 | D:1      | Found a faded altar of an unknown god.
   249 | D:1      | Reached XP level 2. HP: 18/24 MP: 2/2
   851 | D:1      | Reached XP level 3. HP: 23/29 MP: 3/3
  1105 | D:2      | Reached skill level 4 in Shields
  1106 | D:2      | Gained mutation: You are resistant to electric shocks.
                  | (rElec) [potion of mutation]
  1110 | D:2      | HP: 1/30 [poisoned by an adder]
  1111 | D:2      | You fall into a shaft and drop 2 floors!
  1111 | D:4      | Succumbed to an adder's poison

Illustrated notes

Levels and vault maps discovered:
D:1:      ncdulo_lavacross, layout_loops_ring, basic_ecumenical_altar,
          bh_walls_and_bars
D:2:      layout_loops_cross, serial_shops, nicolae_lakefront_shop, minivault_4,
          grunt_decor_mini_mirrors, minmay_unequal
D:4:      layout_rooms, fedhas_altar_4

Skill      XL: |  1  2  3 |
---------------+----------+-----
Shields        | 4 |  4.0
Fighting       | |  3.6
Axes           | |  2.4
Armour         | |  3.6

Action                   || total
-------------------------++-------
Melee: War axe           ||    62
 Abil: Shaft Self        ||     1
  Use: Scroll            ||     2
       Potion            ||     1
Armor: Scale mail        ||    29
Dodge: Dodged            ||    27
Block: Buckler           ||    13

Table legend: (Time is in decaauts)
 A = Elapsed time spent in this place.
 B = Non-inter-level travel time spent in this place.
 C = Inter-level travel time spent in this place.
 D = Time resting spent in this place.
 E = Time spent auto-exploring this place.
 F = Levels seen in this place.
 G = Mean time per level.
                   A        B        C        D        E       F      G
               +--------+--------+--------+--------+--------+-----+--------+
         Total |   1136 |   1108 |     28 |    104 |    729 |   3 |  378.7 |
       Dungeon |   1136 |   1108 |     28 |    104 |    729 |   3 |  378.7 |
               +--------+--------+--------+--------+--------+-----+--------+

Top non-repeatable levels by time:
     D:1: 1116 daAuts
     D:2: 19 daAuts
